Match 42391339
Unlisted

Match 42391339
End
Construct Section Command Post
Selects Canadian Shock Battlegroup
Dingo Light Scout Car
Vickers Machine Gun Team
Infantry Section
Infantry Section
Selects Attacking Spirit
Infantry Section
Construct Platoon Command Post
Selects Canadian Shock Section
Selects Incendiary Munitions
Canadian Shock Section
Humber Armored Car
Exf
Gravey
艾諾維特
动物园之狼
0
0

Comments sign in to comment!

No comments posted yet!